 Dungeon Crawl Stone Soup version 0.26.0-18-gc5c842f807 (webtiles) character file.

Game seed: 13340979264799717701

383798 FreshCat the Slayer (level 21, -5/207 HPs)
             Began as a Minotaur Fighter on Jan 21, 2021.
             Was the Champion of Okawaru.
             Slain by a spark wasp (6 damage)
             ... on level 4 of the Depths on Jan 22, 2021.
             The game lasted 05:02:14 (59114 turns).

FreshCat the Slayer (Minotaur Fighter)             Turns: 59114, Time: 05:02:16

Health: -5/207     AC: 44    Str: 33    XL:     21   Next: 95%
Magic:  23/23      EV: 17    Int: 11    God:    Okawaru [******]
Gold:   3592       SH:  5    Dex: 22    Spells: 20/20 levels left

rFire    . . .     SeeInvis .   T - +9 executioner's axe (vorpal)
rCold    . . .     Faith    .   (shield currently unavailable)
rNeg     + + .     Spirit   .   J - +5 crystal plate armour "Kimid" {Harm rElec}
rPois    .         Reflect  +   j - +2 hat {Int+3}
rElec    +         Harm     +   q - +1 cloak {Will+}
rCorr    .         Rampage  .   K - +2 pair of gloves
Will     +++..                  g - +2 pair of boots
Stlth    ..........             x - amulet of reflection
HPRegen  0.44/turn              A - ring "Linlon" {*Contam +Blink Str+2 Dex+4 Stlth+}
MPRegen  0.18/turn              m - ring of Biadom {rN++ Will+ Str+6 Dex+5}

@: about to teleport
A: retaliatory headbutt, horns 2
}: 2/15 runes: barnacled, gossamer
a: Renounce Religion, Evoke Blink, Heroism, Finesse


You were on level 4 of the Depths.
You worshipped Okawaru.
Okawaru was exalted by your worship.
You visited 7 branches of the dungeon, and saw 39 of its levels.
You visited the Abyss 1 time.
You also visited: Wizlab.

You collected 5468 gold pieces.
You spent 1876 gold pieces at shops.

Inventory:

Hand Weapons
 T - a +9 vorpal executioner's axe (weapon)
Missiles
 a - 18 javelins
 D - 6 boomerangs of dispersal
 M - 34 boomerangs
 P - 5 throwing nets
 S - 8 silver javelins (quivered)
Armour
 g - a +2 pair of boots (worn)
 j - a +2 hat of intelligence (worn)
 q - a +1 cloak of willpower (worn)
 J - the +5 crystal plate armour "Kimid" (worn) {Harm rElec}
   (Okawaru gifted it to you on level 3 of the Spider Nest)

   It insulates you from electricity.
   It increases damage dealt and taken.
 K - a +2 pair of gloves (worn)
Jewellery
 h - an uncursed ring of protection from fire
 l - an uncursed ring of poison resistance
 m - the ring of Biadom (right hand) {rN++ Will+ Str+6 Dex+5}
   (You took it off a deep elf death mage on level 3 of the Elven Halls)

   [ring of strength]

   It affects your strength (+6).
   It affects your dexterity (+5).
   It greatly protects you from negative energy.
   It affects your willpower, your defense against some magical effects.
 x - an amulet of reflection (around neck)
 A - the ring "Linlon" (left hand) {*Contam +Blink Str+2 Dex+4 Stlth+}
   (You found it on level 1 of the Shoals)

   [ring of stealth]

   It affects your strength (+2).
   It affects your dexterity (+4).
   It lets you blink.
   It causes magical contamination when unequipped.
   It makes you more stealthy.
 V - the ring "Zith" {*Drain rC++ rN+ Slay+3}
   (You found it on level 3 of the Elven Halls)

   [ring of positive energy]

   It affects your accuracy and damage with ranged weapons and melee attacks
   (+3).
   It greatly protects you from cold.
   It protects you from negative energy.
   It causes draining when unequipped.
Wands
 n - a wand of acid (9)
 r - a wand of disintegration (25)
 F - a wand of polymorph (20)
 I - a wand of random effects (20)
 R - a wand of digging (18)
 X - a wand of flame (87)
 Z - a wand of paralysis (21)
Scrolls
 b - 6 scrolls of fear
 f - 10 scrolls of teleportation
 i - 25 scrolls of remove curse
 p - 12 scrolls of identify
 u - 5 scrolls of blinking
 v - a scroll of summoning
 z - a scroll of fog
 C - 7 scrolls of magic mapping
 H - 2 scrolls of enchant weapon
 L - a scroll of brand weapon
 O - 2 scrolls of silence
 Y - 2 scrolls of enchant armour
Potions
 d - 9 potions of might
 e - 4 potions of cancellation
 k - a potion of haste
 s - 15 potions of curing
 y - a potion of magic
 B - 4 potions of invisibility
 E - 6 potions of flight
 W - 2 potions of resistance
Miscellaneous
 t - a condenser vane
 N - a tin of tremorstones (2/2)
 Q - a phantom mirror
 U - a box of beasts


   Skills:
 + Level 22.1 Fighting
 + Level 22.0 Axes
 - Level 16.0 Throwing
 + Level 20.3 Armour
 - Level 13.0 Dodging
 - Level 5.0 Stealth
 - Level 15.0 Shields
 - Level 4.0 Invocations
 - Level 4.0 Evocations


You had 20 spell levels left.
You didn't know any spells.
Your spell library contained the following spells:

 Spells                   Type           Power        Failure   Level
 Animate Skeleton         Necr           0%           96%         1
 Apportation              Tloc           0%           96%         1
 Beastly Appendage        Tmut           0%           96%         1
 Corona                   Hex            0%           96%         1
 Foxfire                  Conj/Fire      0%           96%         1
 Freeze                   Ice            0%           96%         1
 Magic Dart               Conj           0%           96%         1
 Pain                     Necr           0%           96%         1
 Sandblast                Erth           0%           96%         1
 Shock                    Conj/Air       0%           96%         1
 Summon Small Mammal      Summ           0%           96%         1
 Blink                    Tloc           N/A          99%         2
 Call Imp                 Summ           0%           99%         2
 Corpse Rot               Necr/Air       N/A          99%         2
 Ensorcelled Hibernation  Hex/Ice        0%           99%         2
 Passwall                 Tmut/Erth      0%           99%         2
 Slow                     Hex            0%           99%         2
 Sublimation of Blood     Necr           0%           99%         2
 Wereblood                Tmut           0%           99%         2
 Call Canine Familiar     Summ           0%           100%        3
 Confusing Touch          Hex            0%           100%        3
 Conjure Flame            Conj/Fire      0%           100%        3
 Dazzling Flash           Conj/Hex       0%           100%        3
 Frozen Ramparts          Ice            0%           100%        3
 Gell's Gravitas          Tloc           0%           100%        3
 Ignite Poison            Fire/Tmut/Pois 0%           100%        3
 Inner Flame              Hex/Fire       0%           100%        3
 Lesser Beckoning         Tloc           0%           100%        3
 Mephitic Cloud           Conj/Pois/Air  0%           100%        3
 Ozocubu's Armour         Ice            0%           100%        3
 Portal Projectile        Hex/Tloc       0%           100%        3
 Spider Form              Tmut/Pois      0%           100%        3
 Stone Arrow              Conj/Erth      0%           100%        3
 Summon Guardian Golem    Hex/Summ       0%           100%        3
 Tukima's Dance           Hex            0%           100%        3
 Animate Dead             Necr           0%           100%        4
 Cause Fear               Hex            0%           100%        4
 Dispel Undead            Necr           0%           100%        4
 Hailstorm                Conj/Ice       0%           100%        4
 Ice Form                 Ice/Tmut       0%           100%        4
 Leda's Liquefaction      Hex/Erth       0%           100%        4
 Petrify                  Tmut/Erth      0%           100%        4
 Sticky Flame             Conj/Fire      0%           100%        4
 Summon Ice Beast         Ice/Summ       0%           100%        4
 Summon Lightning Spire   Summ/Air       0%           100%        4
 Agony                    Necr           0%           100%        5
 Alistair's Intoxication  Tmut/Pois      0%           100%        5
 Blade Hands              Tmut           0%           100%        5
 Borgnjor's Vile Clutch   Necr/Erth      0%           100%        5
 Excruciating Wounds      Necr           0%           100%        5
 Fireball                 Conj/Fire      0%           100%        5
 Lee's Rapid Deconstruct  Erth           0%           100%        5
 Metabolic Englaciation   Hex/Ice        0%           100%        5
 Silence                  Hex/Air        0%           100%        5
 Summon Demon             Summ           0%           100%        5
 Summon Forest            Summ/Tloc      0%           100%        5
 Summon Mana Viper        Hex/Summ       0%           100%        5
 Yara's Violent Unravell  Hex/Tmut       0%           100%        5
 Conjure Ball Lightning   Conj/Air       0%           100%        6
 Death Channel            Necr           0%           100%        6
 Invisibility             Hex            0%           100%        6
 Shadow Creatures         Summ           N/A          100%        6
 Simulacrum               Ice/Necr       0%           100%        6
 Starburst                Conj/Fire      0%           100%        6
 Summon Hydra             Summ           0%           100%        7
 Discord                  Hex            0%           100%        8
 Disjunction              Tloc           0%           100%        8
 Ignition                 Fire           0%           100%        8
 Tornado                  Air            0%           100%        9


Dungeon Overview and Level Annotations

Branches:
Dungeon (15/15)            Temple (0/1) D:5            Lair (6/6) D:10
 Shoals (4/4) Lair:2       Spider (4/4) Lair:4        Slime (0/5) Lair:5
    Orc (2/2) D:10            Elf (3/3) Orc:2        Vaults (0/5) D:14
 Depths (5/5) D:15         WizLab (visited)
    Zot: Depths:5

Altars:
Ashenzari
Cheibriados
Dithmenos
Elyvilon
Fedhas
Gozag
Makhleb
Nemelex Xobeh
Okawaru
Qazlal
Trog
Uskayaw
Wu Jian
Xom
Zin
Beogh
Jiyva

Shops:
D:6 (   Orc:1 ?   Orc:2 *[:(*   Shoals:4 *}*!   Depths:1 }=}

Portals:
Hell: Depths:1 Depths:2 Depths:3 Depths:4 Depths:5
Pandemonium: Depths:1 Depths:3
Ziggurat: Depths:3
Bazaar: Depths:3

Annotations:
D:13 2 transporters
Shoals:4 2 transporters, xzight's ghost, adept MiBe
Depths:2 3 runed translucent doors, Mandevil's ghost, veteran DsMo


Innate Abilities, Weirdness & Mutations

You reflexively headbutt those who attack you in melee.
You have a pair of horns on your head.


Message History

The spark wasp stings you but does no damage.
The spark wasp misses you.
The rakshasa weaves an illusion.
The spark wasp shimmers and seems to become two!
The spark wasp closely misses you. You furiously retaliate!
You headbutt the spark wasp!! You completely miss the spark wasp.
The spark wasp is heavily wounded.
You hit the boggart. You slash the spark wasp! The spark wasp stings you!
* * * LOW HITPOINT WARNING * * *
The spark wasp shocks you. You resist.
* * * LOW HITPOINT WARNING * * *
The spark wasp stings you.
* * * LOW HITPOINT WARNING * * *
The spark wasp shocks you. You resist.
* * * LOW HITPOINT WARNING * * *
The spark wasp stings you!
* * * LOW HITPOINT WARNING * * *
The spark wasp shocks you. You resist.
You die...

#8...⌠.....⌠...8# #
##8...>.<...8### #.
.###8.....8###..
.###..###8.8###..##
..###..##.##......
#R..###.....######
#.....###.##..)...
#yg.?###8.8###..##
#@y###8.....8###..
####8...>.<...8###
#8...⌠.....⌠...8#
...8....<....8...
.####8.....8####.
###8.8### #####


You could see a rakshasa, 2 spark wasps and a boggart.

Vanquished Creatures
  An ancient lich (Depths:3)
  A juggernaut (Depths:3)
  Mara (Depths:1)
  Sojobo (Depths:1)
  Bai Suzhen (Depths:3)
  A caustic shrike (Depths:3)
  Nikola (Shoals:2)
  Arachne (Spider:2)
  2 tentacled monstrosities (Depths:4)
  2 deep elf master archers (Elf:3)
  A lich (Depths:2)
  A quicksilver dragon (Depths:4)
  3 deep elf blademasters
  3 titans
  A sphinx (Depths:4)
  2 krakens
  Agnes (Spider:2)
  3 shadow dragons
  6 tengu reavers
  3 storm dragons
  8 frost giants
  3 iron dragons (Depths:3)
  10 fire giants
  A balrug (Depths:2)
  A deep elf sorcerer (Elf:3)
  4 ghost moths
  3 orc warlords
  An emperor scorpion (Spider:4)
  2 deep elf elementalists (Elf:3)
  2 spriggan defenders
  15 very ugly things
  9 stone giants
  9 vampire knights
  5 entropy weavers
  4 deep elf demonologists (Elf:3)
  5 deep elf annihilators (Elf:3)
  12 ettins
  7 spark wasps
  A merfolk javelineer (Shoals:2)
  Snorg (D:14)
  A green death (Depths:3)
  2 yaktaur captains
  4 fire dragons
  Josephine (D:10)
  9 deep elf death magi
  2 deep elf high priests (Elf:3)
  A great orb of eyes (Depths:4)
  10 merfolk impalers
  Fannar (Lair:3)
  7 ice dragons
  2 rakshasas
  A vault guard (D:14)
  Erolcha (D:12)
  An ice dragon (shapeshifter) (Depths:2)
  A boulder beetle (Spider:4)
  4 hydras
  6 merfolk avatars
  3 spriggan air magi
  4 ogre magi
  4 merfolk aquamancers
  The ghost of Tagedieb the Covert, a journeyman OpEn of Dithmenos (Orc:2)
  3 centaur warriors
  24 dancing weapons
  8 two-headed ogres
  A queen ant (Spider:3)
  4 death yaks (Lair:5)
  7 deep troll shamans
  5 tengu warriors
  5 satyrs
  7 spriggan berserkers
  3 alligator snapping turtles (Shoals:4)
  6 orc high priests
  A deep troll earth mage (Depths:1)
  A vampire mage (Depths:4)
  Nergalle (D:11)
  A soul eater (Depths:3)
  3 sun demons
  2 hell knights (Depths:4)
  12 deep elf knights
  3 iron trolls (Depths:3)
  8 sea snakes
  3 unseen horrors
  10 skeletal warriors
  4 flayed ghosts
  A storm dragon skeleton (Depths:3)
  10 deep trolls
  4 glowing orange brains
  2 deep elf archers
  18 harpies
  A harpy (shapeshifter) (Depths:4)
  A frost giant zombie (D:15)
  A shadow dragon zombie (Depths:3)
  3 necromancers
  21 ugly things
  4 orc sorcerers
  25 wolf spiders
  11 manticores
  2 orc knights
  38 deep elf magi
  22 orb spiders
  6 cyclopes
  22 fauns
  A stone giant zombie (D:15)
  A moth of wrath (Spider:3)
  9 elephants
  9 merfolk sirens
  7 black mambas
  An ice statue (Depths:3)
  2 rust devils
  5 centaur zombies
  6 water nymphs
  A water nymph (shapeshifter) (D:14)
  A torpor snail (shapeshifter) (Depths:5)
  9 cane toads
  Psyche (D:10)
  3 gargoyles
  4 torpor snails
  2 freezing wraiths (D:15)
  5 kobold demonologists
  6 komodo dragons
  A hellwing (Depths:3)
  4 tengu conjurers
  A yaktaur (Depths:4)
  A guardian mummy (D:15)
  18 demonic crawlers
  2 red devils (Depths:3)
  19 merfolk
  45 jumping spiders
  5 trolls
  3 polar bears (Lair:6)
  20 hornets
  8 dream sheep (Lair:6)
  5 wind drakes
  18 blink frogs
  11 snapping turtles
  Prince Ribbit (D:9)
  16 slime creatures
  71 redbacks
  An ettin skeleton (D:15)
  28 tarantellas
  14 spriggans (Lair:6)
  56 yaks
  An air elemental (Elf:1)
  A deep troll skeleton (D:15)
  4 wyverns
  6 wraiths
  19 water elementals
  Eustachio (D:6)
  2 shadows
  2 fire elementals (Elf:1)
  2 basilisks
  A steam dragon (D:9)
  6 vampire mosquitoes
  A naga (shapeshifter) (D:14)
  6 wargs
  A naga (D:8)
  An acid dragon (D:13)
  A warg (shapeshifter) (D:9)
  21 soldier ants
  12 water moccasins
  3 floating eyes
  39 orc warriors
  3 sky beasts
  3 ice beasts
  7 black bears
  A hornet zombie (D:15)
  6 boggarts
  2 phantoms
  27 wolves (Lair:6)
  12 centaurs
  15 ogres
  Blork the orc (D:4)
  3 big kobolds
  2 earth elementals
  16 bullfrogs
  A wyvern zombie (D:9)
  2 scorpions
  3 small abominations
  9 wights
  5 killer bees
  2 electric eels (D:14)
  6 howler monkeys
  A quasit (D:15)
  5 hounds
  7 jellies
  A bullfrog skeleton (D:12)
  24 orc priests
  6 iguanas
  26 orc wizards
  7 centaur skeletons
  Jessica (D:2)
  36 worker ants
  A killer bee zombie (D:6)
  A worker ant zombie (D:2)
  10 gnolls
  A howler monkey skeleton (D:4)
  11 adders
  2 white imps
  2 ufetubi (D:6)
  2 oozes (D:1)
  9 dart slugs
  3 worms (D:3)
  6 leopard geckos
  119 orcs
  9 giant cockroaches
  8 goblins
  9 hobgoblins
  16 jackals
  3 quokkas
  2 ball pythons
  4 bats
  8 frilled lizards
  A jackal skeleton (D:5)
  20 kobolds
  8 rats
  A crawling corpse (Depths:3)
  A fire vortex (D:14)
  3 tentacles (Shoals:4)
1570 creatures vanquished.

Vanquished Creatures (others)
  A deep elf high priest (Elf:3)
  A spriggan air mage (Depths:4)
  An unseen horror (D:13)
  3 boggarts (Depths:2)
  44 fungi
  277 plants
  8 starspawn tentacles (Abyss:3)
  23 tentacles
  5 toadstools (D:3)
  3 withered plants (D:15)
366 creatures vanquished.

Grand Total: 1936 creatures vanquished

Notes
Turn   | Place    | Note
-------+----------+-------------------------------------------
     0 | D:1      | FreshCat the Minotaur Fighter began the quest for the Orb.
     0 | D:1      | Reached XP level 1. HP: 19/19 MP: 0/0
    24 | D:1      | Reached XP level 2. HP: 19/27 MP: 1/1
   254 | D:1      | Found a shimmering altar of Xom.
   371 | D:1      | Reached XP level 3. HP: 33/33 MP: 2/2
   574 | D:2      | Reached XP level 4. HP: 41/41 MP: 3/3
  1012 | D:2      | Noticed Jessica
  1017 | D:2      | Killed Jessica
  1018 | D:2      | Reached skill level 1 in Dodging
  1184 | D:2      | Found an iron altar of Okawaru.
  1188 | D:2      | Reached XP level 5. HP: 45/47 MP: 4/4
  1198 | D:2      | Became a worshipper of Warmaster Okawaru
  1329 | D:2      | Found an ornate altar of the Wu Jian Council.
  1396 | D:2      | Found a white marble altar of Elyvilon.
  1464 | D:2      | Reached skill level 5 in Axes
  1763 | D:3      | Found a glowing silver altar of Zin.
  1849 | D:4      | Noticed a phantom
  1851 | D:4      | Noticed an ogre
  1954 | D:3      | Found a burning altar of Makhleb.
  2115 | D:3      | Reached XP level 6. HP: 44/55 MP: 5/5
  2415 | D:5      | Entered Level 5 of the Dungeon
  2556 | D:3      | Reached skill level 5 in Fighting
  2556 | D:3      | Reached skill level 5 in Armour
  2706 | D:4      | Reached * piety under Okawaru
  2707 | D:4      | Reached XP level 7. HP: 61/61 MP: 6/6
  2734 | D:4      | Found a hide-covered altar of Uskayaw.
  2755 | D:4      | Reached skill level 1 in Throwing
  2839 | D:4      | Reached skill level 5 in Shields
  3069 | D:4      | Found a stormy altar of Qazlal.
  3287 | D:4      | Noticed Blork the orc
  3295 | D:4      | Killed Blork the orc
  3534 | D:5      | Reached XP level 8. HP: 35/70 MP: 4/7
  3723 | D:6      | Reached ** piety under Okawaru
  3916 | D:6      | Found Tuenic's Antique Weapon Shop.
  3931 | D:5      | Found a broken altar of Ashenzari.
  4112 | D:5      | Found a staircase to the Ecumenical Temple.
  4848 | D:7      | Reached XP level 9. HP: 78/78 MP: 8/8
  4960 | D:6      | Noticed Eustachio
  4972 | D:6      | Reached *** piety under Okawaru
  5005 | D:6      | Killed Eustachio
  5080 | D:6      | Found a shadowy altar of Dithmenos.
  5336 | D:7      | Reached skill level 10 in Axes
  5690 | D:7      | Found a bloodstained altar of Trog.
  5978 | D:7      | Found a blossoming altar of Fedhas.
  6426 | D:8      | Noticed Maurice
  6496 | D:8      | Found a sparkling altar of Nemelex Xobeh.
  6600 | D:8      | Reached **** piety under Okawaru
  6673 | D:8      | Reached XP level 10. HP: 77/86 MP: 9/9
  6795 | D:8      | Found a white marble altar of Elyvilon.
  6904 | D:9      | Reached ***** piety under Okawaru
  7175 | D:8      | Noticed Prince Ribbit
  7214 | D:9      | Killed Prince Ribbit
  7268 | D:8      | Noticed Maurice
  7268 | D:8      | Maurice changed into Maurice the naga
  7277 | D:8      | Killed Maurice the naga
  7325 | D:8      | Reached skill level 5 in Dodging
  7347 | D:8      | Reached skill level 1 in Evocations
  7581 | D:10     | Entered Level 10 of the Dungeon
  7581 | D:10     | Found a staircase to the Lair.
  7891 | D:9      | Noticed a two-headed ogre
  7923 | D:9      | Killed a two-headed ogre
  7923 | D:9      | Received a gift from Okawaru
  8004 | D:9      | Found a snail-covered altar of Cheibriados.
  8020 | D:9      | Noticed a cyclops
  8126 | D:9      | Noticed a deep elf mage
  8136 | D:9      | Killed a deep elf mage
  8136 | D:9      | Received a gift from Okawaru
  8137 | D:9      | Reached skill level 5 in Throwing
  8137 | D:9      | Reached skill level 1 in Stealth
  8285 | D:10     | Noticed a seven-headed hydra
  8294 | D:10     | Noticed Josephine
  8308 | D:10     | Reached skill level 1 in Invocations
  8308 | D:10     | Reached XP level 11. HP: 64/95 MP: 1/10
  8312 | D:10     | Killed Josephine
  8534 | D:10     | Cast into level 3 of the Abyss (unwielding a weapon of
                  | distortion)
  8577 | Abyss:3  | Found a hazy altar of Hepliaklqana.
  8604 | Abyss:3  | Found a corrupted altar of Lugonu.
  8687 | Abyss:3  | Noticed a tentacled starspawn
  8753 | Abyss:3  | Noticed a black draconian
  8754 | Abyss:3  | Noticed a thrashing horror
  8819 | Abyss:3  | Noticed a tentacled starspawn
  8825 | Abyss:3  | Noticed a wretched star
  8838 | Abyss:3  | Noticed a large abomination
  8874 | Abyss:3  | Noticed a sun demon
  8880 | D:10     | Escaped the Abyss
  8884 | D:10     | Killed a sun demon
  9410 | D:10     | Noticed Psyche
  9414 | D:10     | Killed Psyche
  9524 | D:10     | Found a staircase to the Orcish Mines.
  9716 | D:10     | Got a steaming war axe
  9719 | D:10     | Identified the cursed +3 war axe "FreshCat's Doom" {vorpal,
                  | rC+ Str+2 Stlth+} (You found it on level 10 of the Dungeon)
 10833 | D:11     | Killed an unseen horror
 11242 | D:11     | Noticed a red ugly thing
 11292 | D:11     | Killed a red ugly thing
 11292 | D:11     | Received a gift from Okawaru
 11296 | D:11     | Got a shimmering hand axe {god gift}
 11297 | D:11     | Identified the +8 hand axe of Heboonge {vorpal, Str+3
                  | Dex+2} (Okawaru gifted it to you on level 11 of the
                  | Dungeon)
 11413 | D:11     | Reached skill level 10 in Shields
 11473 | D:12     | Killed an unseen horror
 11550 | D:11     | Reached XP level 12. HP: 104/104 MP: 12/12
 11566 | D:11     | Noticed Nergalle
 11578 | D:11     | Killed Nergalle
 11601 | D:11     | Noticed a two-headed ogre
 11608 | D:11     | Killed a two-headed ogre
 11608 | D:11     | Received a gift from Okawaru
 11629 | D:11     | Noticed a two-headed ogre
 11642 | D:11     | Killed a two-headed ogre
 11733 | D:11     | Found a roughly hewn altar of Beogh.
 12349 | D:12     | Noticed Erolcha
 12582 | D:12     | Killed Erolcha
 12884 | D:13     | Found a transporter.
 12884 | D:13     | Noticed a brown very ugly thing
 12996 | D:12     | Noticed a two-headed ogre
 13004 | D:12     | Killed a two-headed ogre
 13004 | D:12     | Received a gift from Okawaru
 13005 | D:12     | Reached skill level 10 in Fighting
 13077 | D:12     | Received a gift from Okawaru
 13512 | D:12     | Reached skill level 10 in Throwing
 13656 | D:12     | Received a gift from Okawaru
 14224 | D:13     | Reached XP level 13. HP: 83/114 MP: 13/13
 14483 | D:13     | Found a transporter.
 14553 | D:13     | Found a white marble altar of Elyvilon.
 14568 | D:13     | Reached skill level 15 in Axes
 14681 | D:13     | Received a gift from Okawaru
 14831 | D:13     | Reached ****** piety under Okawaru
 14841 | D:13     | Identified a scroll of acquirement
 14841 | D:13     | Acquired the +3 hat of Pondering {ponderous, Will+ MP+10
                  | Int+5}
 14842 | D:13     | Found the +3 hat of Pondering {ponderous, Will+ MP+10
                  | Int+5}
 15306 | Lair:1   | Entered Level 1 of the Lair of Beasts
 16107 | Lair:1   | Reached skill level 10 in Armour
 16733 | Lair:2   | Found a staircase to the Shoals.
 17116 | Lair:1   | Got an ichor-stained chain mail
 17117 | Lair:1   | Identified the +3 chain mail of Inference {rN+ Str+3 Dex+2}
                  | (You found it on level 1 of the Lair of Beasts)
 17984 | Lair:3   | Noticed Fannar
 17996 | Lair:3   | Killed Fannar
 18692 | Lair:4   | Found a hole to the Spider Nest.
 18911 | Lair:4   | Received a gift from Okawaru
 19213 | Lair:6   | Entered Level 6 of the Lair of Beasts
 19663 | Lair:5   | Found a viscous altar of Jiyva.
 19664 | Lair:5   | Found a staircase to the Slime Pits.
 19698 | Lair:5   | Received a gift from Okawaru
 19714 | Lair:5   | Reached XP level 14. HP: 101/124 MP: 14/14
 20297 | Lair:6   | Received a gift from Okawaru
 20816 | Lair:6   | Received a gift from Okawaru
 22364 | D:14     | Noticed Snorg
 22387 | D:14     | Identified the +2 robe of Supple Strength {rElec rN+ Int+4}
 22403 | D:14     | Killed Snorg
 22403 | D:14     | Received a gift from Okawaru
 22562 | D:15     | Entered Level 15 of the Dungeon
 23093 | D:14     | Reached XP level 15. HP: 109/134 MP: 15/15
 23163 | D:14     | Received a gift from Okawaru
 23272 | D:14     | Found a gate to the Vaults.
 23391 | D:15     | Found a staircase to the Depths.
 23734 | D:15     | Found an opulent altar of Gozag.
 23826 | D:15     | Received a gift from Okawaru
 24167 | D:15     | Upgraded the game from 0.26.0-16-gc1dbca0489 to
                  | 0.26.0-18-gc5c842f807
 24337 | Orc:1    | Entered Level 1 of the Orcish Mines
 24417 | Orc:2    | Entered Level 2 of the Orcish Mines
 24617 | Orc:1    | Noticed an orc warlord
 24655 | Orc:1    | Killed an orc warlord
 24914 | Orc:1    | Received a gift from Okawaru
 25438 | Orc:2    | Found Daqergho's Antique Armour Boutique.
 25475 | Orc:2    | Found a staircase to the Elven Halls.
 25538 | Orc:1    | Found Giujotet's Magic Scroll Boutique.
 25667 | Orc:2    | Found Cuskigis's General Store.
 25696 | Orc:2    | Found Ruohe's Antique Weapon Shoppe.
 25700 | Orc:2    | Received a gift from Okawaru
 25780 | Orc:2    | Found a roughly hewn altar of Beogh.
 25800 | Orc:2    | Noticed an orc warlord
 25930 | Orc:1    | Killed an orc warlord
 26171 | Orc:2    | Found Xyxelaur's Book Boutique.
 26315 | Orc:2    | Noticed an orc warlord
 26351 | Orc:2    | Killed an orc warlord
 26618 | Orc:2    | Found a runed translucent door.
 26618 | Orc:2    | Noticed Tagedieb's ghost (journeyman OpEn)
 26679 | Orc:2    | Found Upuroph's General Store.
 26927 | Orc:2    | Killed Tagedieb's ghost
 27170 | Depths:1 | Entered Level 1 of the Depths
 27278 | Depths:2 | Noticed a tengu reaver
 27291 | Depths:1 | Found Tetwog's Gadget Emporium.
 27292 | Depths:1 | Found Ukirgh's Jewellery Boutique.
 27293 | Depths:1 | Found Ecaimol's Gadget Emporium.
 27306 | Depths:1 | Bought an uncursed ring of willpower for 525 gold pieces
 27306 | Depths:1 | Bought an uncursed ring of poison resistance for 420 gold
                  | pieces
 27339 | Depths:1 | Found a one-way gate leading to the halls of Pandemonium.
 27370 | Depths:1 | Bought a wand of acid (6) for 380 gold pieces
 27419 | Depths:1 | Noticed a fire giant
 27425 | Depths:1 | Killed a fire giant
 27434 | Depths:1 | Received a gift from Okawaru
 27926 | Spider:1 | Entered Level 1 of the Spider Nest
 28504 | Lair:4   | Received a gift from Okawaru
 28649 | Lair:4   | Reached XP level 16. HP: 81/144 MP: 11/17
 29268 | Spider:1 | Received a gift from Okawaru
 29817 | Shoals:1 | Entered Level 1 of the Shoals
 29823 | Shoals:1 | Got a shimmering platinum ring
 29824 | Shoals:1 | Identified the ring "Linlon" {*Contam +Blink Str+2 Dex+4
                  | Stlth+} (You found it on level 1 of the Shoals)
 29837 | Shoals:1 | Reached skill level 15 in Throwing
 30515 | Shoals:1 | Noticed a kraken
 30538 | Shoals:1 | Killed a kraken
 30987 | Shoals:2 | Received a gift from Okawaru
 31372 | Shoals:2 | Reached skill level 15 in Shields
 31739 | Shoals:2 | Noticed Nikola
 32352 | Shoals:4 | Entered Level 4 of the Shoals
 32590 | Shoals:4 | Found Tioff's Gadget Shoppe.
 33761 | Shoals:4 | Received a gift from Okawaru
 34056 | Shoals:4 | Reached XP level 17. HP: 122/154 MP: 14/18
 34057 | Shoals:4 | Received a gift from Okawaru
 34935 | Shoals:4 | Found the +3 salamander hide armour {Flames rF++ rC--}
 35286 | Shoals:2 | Killed Nikola
 35287 | Shoals:2 | Reached skill level 15 in Fighting
 35594 | Shoals:4 | Got a barnacled rune of Zot
 36146 | Shoals:4 | Identified the +6 long sword of Disintegration {pain, *Rage
                  | rN++ Stlth+}
 36404 | Shoals:4 | Found a transporter.
 36406 | Shoals:4 | Found a transporter.
 36407 | Shoals:4 | Noticed xzight's ghost (adept MiBe)
 36410 | Shoals:4 | Identified the +6 rapier of Day {elec, *Noise Will+++ MP-9
                  | Int+7}
 36411 | Shoals:4 | Noticed a kraken
 36915 | Shoals:4 | Found Ressushu's Assorted Antiques.
 37061 | Shoals:4 | Noticed a kraken
 37156 | Shoals:4 | Killed a kraken
 37275 | Shoals:4 | Found Tethruh's Assorted Antiques.
 37337 | Shoals:4 | Found Ottui's Distillery.
 37347 | Shoals:4 | Bought a potion of heal wounds for 95 gold pieces
 37347 | Shoals:4 | Bought a potion of might for 76 gold pieces
 37505 | Shoals:4 | Bought a potion of mutation for 152 gold pieces
 37505 | Shoals:4 | Bought 2 potions of curing for 114 gold pieces
 37505 | Shoals:4 | Bought a potion of curing for 57 gold pieces
 37505 | Shoals:4 | Bought a potion of curing for 57 gold pieces
 37932 | Depths:1 | Found a gateway to Hell.
 38217 | Depths:1 | Found a runed translucent door.
 38411 | Depths:1 | Noticed Mara
 38421 | Depths:1 | Noticed FreshCat's illusion
 38442 | Depths:1 | Killed Mara
 38442 | Depths:1 | Received a gift from Okawaru
 38463 | Depths:1 | Reached skill level 15 in Armour
 38563 | Depths:1 | Noticed a titan
 38597 | Depths:1 | Killed a titan
 40898 | Elf:1    | Entered Level 1 of the Elven Halls
 40937 | Elf:1    | Reached XP level 18. HP: 166/166 MP: 19/19
 41171 | Elf:1    | Found a magical portal.
 41261 | WizLab   | Entered The Roulette of Golubria
 41261 | WizLab   | Found a transporter.
 41357 | Elf:1    | Received a gift from Okawaru
 42310 | Elf:3    | Entered Level 3 of the Elven Halls
 42528 | Elf:2    | Found a runed translucent gate.
 42528 | Elf:2    | Found a runed translucent gate.
 42529 | Elf:2    | Found a runed translucent gate.
 42600 | Elf:2    | Received a gift from Okawaru
 43097 | Elf:3    | Received a gift from Okawaru
 43975 | Elf:3    | Identified the +7 short sword "Beetleslayer" {antimagic,
                  | Int+3}
 43975 | Elf:3    | Identified the ring "Zith" {*Drain rC++ rN+ Slay+3}
 44687 | Spider:2 | Noticed Arachne
 44712 | Spider:2 | Killed Arachne
 44997 | Spider:2 | Received a gift from Okawaru
 44998 | Spider:2 | Got an ichor-stained hand axe {god gift}
 45065 | Spider:2 | Identified the +6 hand axe of Context {holy, rC+ Will+
                  | Dex+3 Stlth+} (Okawaru gifted it to you on level 2 of the
                  | Spider Nest)
 45284 | Spider:2 | Noticed Agnes
 45292 | Spider:2 | Killed Agnes
 46458 | Spider:3 | Received a gift from Okawaru
 46459 | Spider:3 | Got a heavily runed crystal plate armour {god gift}
 46491 | Spider:2 | Identified the +5 crystal plate armour "Kimid" {Harm rElec}
                  | (Okawaru gifted it to you on level 3 of the Spider Nest)
 46823 | Spider:3 | Reached XP level 19. HP: 177/177 MP: 20/20
 46908 | Spider:4 | Entered Level 4 of the Spider Nest
 48110 | Spider:4 | Received a gift from Okawaru
 48111 | Spider:4 | Got a transparent trident {god gift}
 48819 | Spider:4 | Got a gossamer rune of Zot
 49602 | Depths:2 | Received a gift from Okawaru
 50036 | Depths:2 | Reached skill level 10 in Dodging
 50301 | Depths:2 | Noticed Sojobo
 50330 | Depths:1 | Killed Sojobo
 50905 | Depths:1 | Received a gift from Okawaru
 51056 | Depths:2 | Found a runed translucent gate.
 51056 | Depths:2 | Found a runed translucent gate.
 51058 | Depths:2 | Found a runed translucent gate.
 51059 | Depths:2 | Noticed Mandevil's ghost (veteran DsMo)
 51243 | Depths:2 | Reached XP level 20. HP: 144/193 MP: 17/21
 51371 | Depths:2 | Found an ornate altar of the Wu Jian Council.
 51582 | Depths:2 | Received a gift from Okawaru
 51604 | Depths:2 | Got a scorched broad axe {god gift}
 52398 | Depths:3 | Noticed a juggernaut
 52416 | Depths:3 | Killed a juggernaut
 52442 | Depths:3 | Noticed a caustic shrike
 53016 | Lair:2   | Identified the +5 broad axe "Vetuubin" {venom, rElec rC+
                  | Str+4 Dex+2} (Okawaru gifted it to you on level 2 of the
                  | Depths)
 53750 | Elf:3    | Identified the ring of Biadom {rN++ Will+ Str+6 Dex+5}
 53756 | Elf:3    | Received a gift from Okawaru
 53990 | Elf:3    | Identified Novaosso's Grimoire of Attacks and the Traveller
 56076 | Depths:3 | Reached skill level 5 in Stealth
 56081 | Depths:3 | Found a gateway to a bazaar.
 56328 | Depths:3 | Noticed Bai Suzhen
 56336 | Depths:3 | Killed Bai Suzhen
 56641 | Depths:3 | Reached XP level 21. HP: 183/205 MP: 23/23
 56656 | Depths:3 | Received a gift from Okawaru
 56940 | Depths:3 | Killed a caustic shrike
 56940 | Depths:3 | Received a gift from Okawaru
 57145 | Depths:3 | Noticed an ancient lich
 57215 | Depths:3 | Killed an ancient lich
 57235 | Depths:3 | HP: 7/205 [skeletal warrior/cursed -1 glaive (18)]
 57907 | Depths:3 | Received a gift from Okawaru
 58285 | Depths:3 | Received a gift from Okawaru
 58338 | Depths:3 | Found a gateway to a ziggurat.
 58509 | Depths:3 | Identified the Incunabulum of Sinister Secrets
 58584 | Depths:5 | Entered Level 5 of the Depths
 59022 | Depths:4 | Received a gift from Okawaru
 59038 | Depths:4 | Received a gift from Okawaru
 59062 | Depths:4 | Received a gift from Okawaru
 59077 | Depths:4 | HP: 3/207 [white very ugly thing (45)]
 59114 | Depths:4 | HP: 9/207 [spark wasp (illusionary) (6)]
 59114 | Depths:4 | HP: 1/207 [spark wasp (8)]
 59114 | Depths:4 | Slain by a spark wasp

Illustrated notes

Levels and vault maps discovered:
D:1:      lemuel_arrival_rhombus, layout_basic, xom_teletrap_fun
D:2:      layout_basic, lemuel_crystal_altar, okawaru_metal_pillars_1_2,
          nicolae_overflow_crystal_walls, uniq_jessica
D:3:      layout_basic, lemuel_round_altar, zin_statuary,
          minmay_gold_behind_fungi, minmay_misc_feat_ornament
D:4:      layout_cave_pools, marbit_many_paths, eat_drink_and_be_merry_uskayaw,
          uniq_blork_the_orc
D:5:      layout_loops_ring, nicolae_ashenzari_panopticon,
          minmay_temple_entry_glassed_door
D:6:      layout_loops_cross, grunt_dithmenos_smoke, serial_shops, shop,
          kennysheep_another_room, uniq_eustachio
D:7:      layout_basic, trog_ov_bears_minmay, nicolae_overflow_hidden_temple,
          minmay_misc_feat_rows
D:8:      layout_rooms, nemelex_altar_shiori, corexii_corridor_pit,
          elyvilon_altar_5, uniq_maurice, uniq_prince_ribbit1
D:9:      layout_irregular_city, lemuel_doored_altar, minivault_28, uniq_erica
D:10:     layout_roguey, lair_entry_dummy, hiddenorc1_lemuel, uniq_josephine,
          uniq_psyche
D:11:     layout_long_grid, david_defended_altar_orc, uniq_nergalle
D:12:     layout_basic, wad_dig_loot, uniq_erolcha
D:13:     gammafunk_cloud_chamber, layout_basic, basic_altar
D:14:     layout_roguey, david_vaults_5, hangedman_decor_riveting, serial_glass,
          glass_columns_b, glass_columns_b, nicolae_water_bricks,
          eino_small_chamber_without_monster, nicolae_lava_and_water,
          hangedman_abyss_or_decor_lesser_grid, uniq_snorg
D:15:     gammafunk_depths_entry_grave, layout_cave_pools,
          nicolae_gozag_seed_capital
Lair:1:   layout_cellular_growth
Lair:2:   layout_chaotic_city, shoals_dummy_entry
Lair:3:   layout_chaotic_city, serial_bayou_pond_e, uniq_fannar
Lair:4:   layout_hall_layers, nicolae_spider_entry_orb_guardian
Lair:5:   layout_regular_city, slime_altar_1
Lair:6:   minmay_lair_end_enchanted_forest, layout_loops_ring,
          lemuel_fruit_fields
Shoals:1: layout_shoals
Shoals:2: layout_shoals, uniq_nikola
Shoals:3: layout_shoals, nicolae_shoals_water_elemental_grotto
Shoals:4: shoals_end_grunt_garden, layout_shoals, ebering_ghost_davey_jones,
          serial_shops, shop, nicolae_shop_behind_doors, nicolae_shop_trees,
          nicolae_shop_behind_doors, nicolae_shoals_siren_and_animal_friends
Spider:1: layout_spider_delve
Spider:2: layout_chambers, uniq_arachne, uniq_agnes
Spider:3: layout_spider_delve, zaba_anthell
Spider:4: guppyfry_spider_rune, guppyfry_hornet_nest
Orc:1:    layout_diamond_mine, serial_shops, shop, nicolae_orc_tapped_out
Orc:2:    grunt_orc_gardens, layout_caves, grunt_orc_garden, grunt_orc_garden,
          grunt_orc_garden, grunt_orc_garden, gammafunk_ghost_grave,
          basic_altar, serial_shops, shop, minmay_orc_barracks
Elf:1:    layout_loops_corners, lightli_enter_wizlab_magi_temple,
          hangedman_corner_corridor
Elf:2:    layout_geoelf_diagonals
Elf:3:    grunt_elf_hall_spiral, layout_gridlike
Depths:1: layout_twisted_cross, grunt_hell_entry_dis_mu, pan_entry,
          grunt_decor_mini_mirrors, lightli_giant_bouncers, minmay_shop_grove,
          firewood_loft, uniq_mara
Depths:2: kennysheep_green_arena, layout_cave_shapes, lemuel_round_altar,
          ebering_ghost_rock_garden, lightli_too_deep, serial_bayou_shore_a,
          uniq_sojobo
Depths:3: minmay_four_inscribed_fans, layout_gridlike, enter_ziggurat_a,
          hell_entry, serial_shops, statue_bzr, special_room
          [special_room_morgue], rand_demon_pan_entry_1,
          minmay_staircase_windowed_small, uniq_bai_suzhen
Depths:4: minmay_the_grid_ultimate [minmay_the_grid_prize_diamond_cup,
          minmay_the_grid_prize_big_room, minmay_the_grid_prize_inner_circle,
          minmay_the_grid_prize_shrinking_boxes,
          minmay_the_grid_square_5x5_sharp_hourglass,
          minmay_the_grid_square_5x5_checkered_sparse,
          minmay_the_grid_square_5x5_longway,
          minmay_the_grid_square_5x5_one_wall, minmay_the_grid_square_5x5_empty,
          minmay_the_grid_square_5x5_shrine2,
          minmay_the_grid_square_5x5_checkered, minmay_the_grid_square_5x5_meh,
          minmay_the_grid_square_5x5_pentomino_r,
          minmay_the_grid_square_5x5_mess, minmay_the_grid_square_5x5_tie,
          minmay_the_grid_square_5x5_fancy_junction,
          minmay_the_grid_square_5x5_dogpile,
          minmay_the_grid_square_5x5_minivault,
          minmay_the_grid_square_5x5_intrusive_squares,
          minmay_the_grid_triangle_9x9_minimal,
          minmay_the_grid_triangle_9x9_intruding_spiral,
          minmay_the_grid_triangle_9x9_pentomino_pain,
          minmay_the_grid_triangle_9x9_empty,
          minmay_the_grid_triangle_9x9_stretched_checkered,
          minmay_the_grid_triangle_9x9_zippers_vertical,
          minmay_the_grid_triangle_9x9_steps,
          minmay_the_grid_triangle_9x9_wacky_v,
          minmay_the_grid_triangle_9x9_cache,
          minmay_the_grid_triangle_9x9_corruption,
          minmay_the_grid_triangle_9x9_skeleton,
          minmay_the_grid_triangle_9x9_windchime,
          minmay_the_grid_triangle_9x9_dagger,
          minmay_the_grid_triangle_9x9_odd_lines,
          minmay_the_grid_triangle_9x9_limited_checkers,
          minmay_the_grid_triangle_9x9_subtriangle,
          minmay_the_grid_square_5x5_bracketed, minmay_the_grid_octo_pinwheel,
          minmay_the_grid_octo_fan_narrow, minmay_the_grid_octo_tetromino_candy,
          minmay_the_grid_octo_shrine, minmay_the_grid_octo_fat_diamond,
          minmay_the_grid_octo_horde, minmay_the_grid_octo_checkerflower,
          minmay_the_grid_octo_77, minmay_the_grid_stretched_grid,
          minmay_the_grid_tiny_cups, minmay_the_grid_odd_star,
          minmay_the_grid_box_x], abyss_entry, hell_entry
Depths:5: grunt_x_marks_the_spot, layout_gridlike, serial_bayou_lagoon_a,
          hell_entry, minivault_16, chequers_serial_rivers_room_a,
          chequers_serial_rivers_micro_c, eino_tiny_chamber, uniq_xtahua,
          uniq_frederick

Skill      XL: |  1  2  3  4  5  6  7  8  9 10 11 12 13 14 15 16 17 18 19 20 21 |
---------------+----------------------------------------------------------------+-----
Fighting       | 4 5 6 7 8 9 10 11 12 13 14 16 17 19 21 22 | 22.1
Axes           | 3 4 5 6 7 9 11 12 13 14 16 17 18 20 22 | 22.0
Armour         | 4 5 6 7 8 9 10 11 12 13 15 16 18 19 20 | 20.3
Shields        | 4 5 6 8 9 10 11 12 13 14 15 | 15.0
Dodging        | 1 2 3 4 5 6 7 8 9 10 12 13 | 13.0
Throwing       | 1 2 3 5 7 10 12 13 14 16 | 16.0
Evocations     | 1 2 3 4 |  4.0
Stealth        | 1 2 3 4 5 |  5.0
Invocations    | 1 2 3 4 |  4.0

Action                   |  1- 3 |  4- 6 |  7- 9 | 10-12 | 13-15 | 16-18 | 19-21 || total
-------------------------+-------+-------+-------+-------+-------+-------+-------++-------
Melee: War axe           |    57 |    47 |   130 |   466 |   980 |   817 |       ||  2497
       Headbutt          |    11 |    22 |    38 |   118 |   223 |   287 |   223 ||   922
       Broad axe         |       |   101 |   135 |       |       |       |       ||   236
       Hand axe          |       |       |       |    85 |       |       |       ||    85
       Battleaxe         |       |       |       |       |       |    98 |       ||    98
       Executioner's axe |       |       |       |       |       |    87 |   741 ||   828
Throw: Javelin           |       |     5 |    29 |    22 |   155 |   162 |    98 ||   471
       Stone             |       |     2 |    19 |     6 |       |       |       ||    27
       Dart              |       |     1 |    11 |    64 |    22 |    13 |       ||   111
       Boomerang         |       |       |       |    65 |   282 |   457 |    84 ||   888
       Throwing net      |       |       |       |       |       |     2 |       ||     2
Invok: Heroism           |       |       |     2 |    13 |    10 |    13 |     2 ||    40
       Finesse           |       |       |       |     1 |     1 |     1 |       ||     3
 Abil: Evoke Blink       |       |       |       |       |       |     1 |       ||     1
Evoke: Wand              |       |       |     3 |     7 |    24 |       |       ||    34
       Tin of tremorston |       |       |       |       |     2 |       |       ||     2
       Condenser vane    |       |       |       |       |     1 |       |       ||     1
       Phial of floods   |       |       |       |       |     1 |       |       ||     1
  Use: Scroll            |     1 |     6 |    11 |    18 |     9 |    15 |    14 ||    74
       Potion            |       |       |     1 |     2 |     1 |     8 |     5 ||    17
 Stab: Sleeping          |       |       |       |     1 |     2 |     2 |       ||     5
       Invisible         |       |       |       |       |       |     1 |       ||     1
       Distracted        |       |       |       |       |       |       |     2 ||     2
Armor: Scale mail        |    21 |    89 |   113 |   137 |    21 |       |       ||   381
       Chain mail        |       |       |       |       |   314 |   374 |       ||   688
       Crystal plate arm |       |       |       |       |       |    17 |   800 ||   817
Dodge: Dodged            |    20 |    57 |    88 |   176 |   360 |   534 |   472 ||  1707
       Repelled          |       |       |       |       |     4 |     7 |       ||    11
Block: Kite shield       |    24 |    94 |   165 |   271 |   581 |   589 |       ||  1724
       Other             |       |       |       |       |       |       |    50 ||    50
       Reflection        |       |       |       |       |       |       |     8 ||     8
